TOP OF THE 1ST |
Austin River Sharks batting - Pitching for Toronto Titans : LHP Carlos Tavárez
|
Pitching: LHP Carlos Tavárez
|
|
Batting: RHB Hidetada Kichida
|
0-0: Ball 1-0: Called Strike 1-1: Ground out 6-3 (Groundball, 6)
|
Batting: RHB Kenneth Roberts
|
0-0: Ball 1-0: Called Strike 1-1: Ball 2-1: Foul Ball, location: 2F 2-2: Foul Ball, location: 2F 2-2: Ball 3-2: Fly out, F6 (Line Drive, 6M)
|
Batting: LHB Roberto García
|
0-0: Ball 1-0: Ground out 4-3 (Groundball, 4)
|
Top of the 1st over - 0 run(s), 0 hit(s), 0 error(s), 0 left on base; Austin 0 - Toronto 0 |
BOTTOM OF THE 1ST |
Toronto Titans batting - Pitching for Austin River Sharks : RHP José Martínez
|
Pitching: RHP José Martínez
|
|
Batting: SHB Ryobe Yamamoto
|
0-0: Ball 1-0: Called Strike 1-1: Foul Ball, location: 2F 1-2: Ground out 4-3 (Groundball, 4)
|
Batting: RHB Gilberto López
|
0-0: Ground out 1-3 (Groundball, 13)
|
Batting: LHB Jorge Martínez
|
0-0: Ball 1-0: Ball 2-0: Ball 3-0: Called Strike 3-1: Called Strike 3-2: Fly out, F9 (Flyball, 89XD)
|
Bottom of the 1st over - 0 run(s), 0 hit(s), 0 error(s), 0 left on base; Austin 0 - Toronto 0 |
TOP OF THE 2ND |
Austin River Sharks batting - Pitching for Toronto Titans : LHP Carlos Tavárez
|
Batting: LHB Pedro Zaragoza
|
0-0: Ball 1-0: Called Strike 1-1: Swinging Strike 1-2: Ball 2-2: Strikes out swinging
|
Batting: SHB Juan Castro
|
0-0: Called Strike 0-1: Ball 1-1: Ball 2-1: Ball 3-1: Foul Ball, location: 2F 3-2: Base on Balls
|
Batting: LHB Luis Padilla
|
0-0: Called Strike 0-1: Ball 1-1: Ball 2-1: Ball 3-1: Foul Ball, location: 2F 3-2: Strikes out swinging Juan Castro is caught stealing 2nd base Batter strikes out.
|
Top of the 2nd over - 0 run(s), 0 hit(s), 0 error(s), 0 left on base; Austin 0 - Toronto 0 |
BOTTOM OF THE 2ND |
Toronto Titans batting - Pitching for Austin River Sharks : RHP José Martínez
|
Batting: LHB José Rodríguez
|
0-0: Called Strike 0-1: Called Strike 0-2: Foul Ball, location: 2F 0-2: Ball 1-2: Fly out, F7 (Flyball, 78M)
|
Batting: LHB Anacleto Morillo
|
0-0: Swinging Strike 0-1: Swinging Strike 0-2: Ball 1-2: Strikes out swinging
|
Batting: RHB Matt Doyle
|
0-0: Ball 1-0: Foul Ball, location: 2F 1-1: Called Strike 1-2: Ball 2-2: Ball 3-2: Strikes out looking
|
Bottom of the 2nd over - 0 run(s), 0 hit(s), 0 error(s), 0 left on base; Austin 0 - Toronto 0 |
TOP OF THE 3RD |
Austin River Sharks batting - Pitching for Toronto Titans : LHP Carlos Tavárez
|
Batting: RHB Rich Ruffin
|
0-0: Called Strike 0-1: Ball 1-1: Called Strike 1-2: Foul Ball, location: 2F 1-2: Ball 2-2: Strikes out looking
|
Batting: LHB Miguel Pérez
|
0-0: Called Strike 0-1: Ball 1-1: Ball 2-1: Ball 3-1: Fly out, F2 (Popup, 2L)
|
Batting: LHB Terry Maloney
|
0-0: Ball 1-0: Ball 2-0: Ball 3-0: SINGLE (Groundball, 4MD)
|
Batting: RHB Hidetada Kichida
|
0-0: Called Strike 0-1: Ball 1-1: Ball 2-1: Ball 3-1: Foul Ball, location: 2F 3-2: Foul Ball, location: 2F 3-2: SINGLE (Line Drive, 7S) Terry Maloney to second Terry Maloney to third
|
Batting: RHB Kenneth Roberts
|
0-0: Called Strike 0-1: Ball 1-1: Ball 2-1: Foul Ball, location: 2F 2-2: Foul Ball, location: 2F 2-2: Ball 3-2: Foul Ball, location: 2F 3-2: Base on Balls Hidetada Kichida to second
|
Batting: LHB Roberto García
|
0-0: Called Strike 0-1: Ball 1-1: Ball 2-1: SINGLE (Groundball, 34) (infield hit) Terry Maloney scores Hidetada Kichida to third Kenneth Roberts to second
|
Batting: LHB Pedro Zaragoza
|
0-0: Called Strike 0-1: Fielders Choice at 2nd, U6 (Groundball, 6M)
|
Top of the 3rd over - 1 run(s), 3 hit(s), 0 error(s), 3 left on base; Austin 1 - Toronto 0 |
BOTTOM OF THE 3RD |
Toronto Titans batting - Pitching for Austin River Sharks : RHP José Martínez
|
Batting: LHB Pedro Padilla
|
0-0: Foul Ball, location: 2F 0-1: Called Strike 0-2: Strikes out looking
|
Batting: RHB Manuel González
|
0-0: Foul Ball, location: 2F 0-1: Ball 1-1: Called Strike 1-2: Foul Ball, location: 2F 1-2: Ball 2-2: Foul Ball, location: 2F 2-2: Strikes out swinging
|
Batting: LHB Kent MacDulothe
|
0-0: Ball 1-0: Called Strike 1-1: Fly out, F9 (Flyball, 89XD)
|
Bottom of the 3rd over - 0 run(s), 0 hit(s), 0 error(s), 0 left on base; Austin 1 - Toronto 0 |
TOP OF THE 4TH |
Austin River Sharks batting - Pitching for Toronto Titans : LHP Carlos Tavárez
|
Batting: SHB Juan Castro
|
0-0: Foul Ball, location: 2F 0-1: Ball 1-1: Called Strike 1-2: Strikes out looking
|
Batting: LHB Luis Padilla
|
0-0: Ball 1-0: SINGLE (Popup, 56D)
|
Batting: RHB Rich Ruffin
|
0-0: Ball 1-0: Ball 2-0: Called Strike 2-1: Swinging Strike 2-2: Strikes out swinging
|
Batting: LHB Miguel Pérez
|
0-0: Called Strike Balk! Luis Padilla to second 0-1: Ball 1-1: SINGLE (Line Drive, 4M) Luis Padilla to third Runner from 3rd tries for Home, SAFE, throw made home
|
Batting: LHB Terry Maloney
|
0-0: Called Strike 0-1: Called Strike 0-2: Ball 1-2: Ground out 1-3 (Groundball, 25)
|
Top of the 4th over - 1 run(s), 2 hit(s), 0 error(s), 1 left on base; Austin 2 - Toronto 0 |
BOTTOM OF THE 4TH |
Toronto Titans batting - Pitching for Austin River Sharks : RHP José Martínez
|
Batting: SHB Ryobe Yamamoto
|
0-0: Called Strike 0-1: Ball 1-1: Ball 2-1: Ball 3-1: Base on Balls
|
Batting: RHB Gilberto López
|
0-0: Ball 1-0: Swinging Strike 1-1: Foul Ball, location: 2F 1-2: Ball 2-2: Foul Ball, location: 2F 2-2: Ground out 5-3 (Groundball, 6S) Ryobe Yamamoto to second
|
Batting: LHB Jorge Martínez
|
0-0: Called Strike 0-1: Foul Ball, location: 2F 0-2: Foul Ball, location: 2F 0-2: Ball 1-2: Ball 2-2: Ground out U3 (Groundball, 3S) Ryobe Yamamoto to third
|
Batting: LHB José Rodríguez
|
0-0: Ball 1-0: Called Strike 1-1: Foul Ball, location: 2F 1-2: Strikes out looking
|
Bottom of the 4th over - 0 run(s), 0 hit(s), 0 error(s), 1 left on base; Austin 2 - Toronto 0 |
TOP OF THE 5TH |
Austin River Sharks batting - Pitching for Toronto Titans : LHP Carlos Tavárez
|
Batting: RHB Hidetada Kichida
|
0-0: Foul Ball, location: 2F 0-1: Called Strike 0-2: Strikes out looking
|
Batting: RHB Kenneth Roberts
|
0-0: Swinging Strike 0-1: SINGLE (Line Drive, 7S)
|
Batting: LHB Roberto García
|
0-0: Ground out 5-3 (Groundball, 15S) Kenneth Roberts to second
|
Batting: LHB Pedro Zaragoza
|
0-0: Called Strike 0-1: Ball 1-1: Called Strike 1-2: Strikes out swinging
|
Top of the 5th over - 0 run(s), 1 hit(s), 0 error(s), 1 left on base; Austin 2 - Toronto 0 |
BOTTOM OF THE 5TH |
Toronto Titans batting - Pitching for Austin River Sharks : RHP José Martínez
|
Batting: LHB Anacleto Morillo
|
0-0: Ball 1-0: Ball 2-0: Called Strike 2-1: Called Strike 2-2: Foul Ball, location: 2F 2-2: Ball 3-2: Base on Balls
|
Batting: RHB Matt Doyle
|
0-0: Ball 1-0: Called Strike 1-1: Swinging Strike 1-2: Ball 2-2: Foul Ball, location: 2F 2-2: Ball 3-2: Base on Balls Anacleto Morillo to second
|
Batting: LHB Pedro Padilla
|
0-0: Ball 1-0: Ball 2-0: Grounds into double play, U3-6 (Groundball, 3L) Anacleto Morillo to third
|
Batting: RHB Manuel González
|
0-0: Called Strike 0-1: Fly out, F3 (Popup, 3S)
|
Bottom of the 5th over - 0 run(s), 0 hit(s), 0 error(s), 1 left on base; Austin 2 - Toronto 0 |
TOP OF THE 6TH |
Austin River Sharks batting - Pitching for Toronto Titans : LHP Carlos Tavárez
|
Batting: SHB Juan Castro
|
0-0: Swinging Strike 0-1: Called Strike 0-2: Foul Ball, location: 2F 0-2: Strikes out looking
|
Batting: LHB Luis Padilla
|
0-0: Ball 1-0: Foul Ball, location: 2F 1-1: Ball 2-1: Ground out U3 (Groundball, 3)
|
Batting: RHB Rich Ruffin
|
0-0: Ball 1-0: Called Strike 1-1: Called Strike 1-2: Strikes out swinging
|
Top of the 6th over - 0 run(s), 0 hit(s), 0 error(s), 0 left on base; Austin 2 - Toronto 0 |
BOTTOM OF THE 6TH |
Toronto Titans batting - Pitching for Austin River Sharks : RHP José Martínez
|
Batting: LHB Kent MacDulothe
|
0-0: Called Strike 0-1: Swinging Strike 0-2: Ball 1-2: Strikes out swinging
|
Batting: SHB Ryobe Yamamoto
|
0-0: Foul Ball, location: 2F 0-1: Ground out 6-3 (Groundball, 6M)
|
Batting: RHB Gilberto López
|
0-0: Swinging Strike 0-1: Ball 1-1: Ball 2-1: Foul Ball, location: 2F 2-2: Ground out 6-3 (Groundball, 6)
|
Bottom of the 6th over - 0 run(s), 0 hit(s), 0 error(s), 0 left on base; Austin 2 - Toronto 0 |
TOP OF THE 7TH |
Austin River Sharks batting - Pitching for Toronto Titans : LHP Carlos Tavárez
|
Pitching: LHP Braydon Schute
|
|
Batting: LHB Miguel Pérez
|
0-0: Called Strike 0-1: Swinging Strike 0-2: Foul Ball, location: 2F 0-2: Strikes out swinging
|
Batting: LHB Terry Maloney
|
0-0: Called Strike 0-1: Called Strike 0-2: Foul Ball, location: 2F 0-2: SINGLE (Line Drive, 56D)
|
Batting: RHB Hidetada Kichida
|
0-0: Called Strike 0-1: Fly out, F9 (Flyball, 9S)
|
Batting: RHB Kenneth Roberts
|
0-0: Ball 1-0: Called Strike 1-1: Ball 2-1: Called Strike 2-2: Ball Terry Maloney is caught stealing 2nd base
|
Top of the 7th over - 0 run(s), 1 hit(s), 0 error(s), 0 left on base; Austin 2 - Toronto 0 |
BOTTOM OF THE 7TH |
Toronto Titans batting - Pitching for Austin River Sharks : RHP José Martínez
|
Batting: LHB Jorge Martínez
|
0-0: Foul Ball, location: 2F 0-1: Called Strike 0-2: Ball 1-2: Foul Ball, location: 2F 1-2: Foul Ball, location: 2F 1-2: Ball 2-2: Ball 3-2: SOLO HOME RUN (Flyball, 9D), Distance : 359 ft
|
Batting: LHB José Rodríguez
|
0-0: Ball 1-0: Foul Ball, location: 2F 1-1: Ball 2-1: Ground out 4-3 (Groundball, 13)
|
Batting: LHB Anacleto Morillo
|
0-0: Ball 1-0: Ball 2-0: Swinging Strike 2-1: Called Strike 2-2: Ground out 4-3 (Groundball, 4)
|
Batting: RHB Matt Doyle
|
0-0: Foul Ball, location: 2F 0-1: Ball 1-1: Foul Ball, location: 2F 1-2: Foul Ball, location: 2F 1-2: Foul Ball, location: 2F 1-2: Foul Ball, location: 2F 1-2: Fly out, F7 (Flyball, 78S)
|
Bottom of the 7th over - 1 run(s), 1 hit(s), 0 error(s), 0 left on base; Austin 2 - Toronto 1 |
TOP OF THE 8TH |
Austin River Sharks batting - Pitching for Toronto Titans : LHP Braydon Schute
|
Batting: RHB Kenneth Roberts
|
0-0: Ball 1-0: SINGLE (Groundball, 6MD)
|
Batting: LHB Roberto García
|
0-0: Called Strike 0-1: Ball 1-1: Swinging Strike 1-2: Fly out, F4 (Line Drive, 4)
|
Pitching: RHP David Lester
|
|
Batting: LHB Pedro Zaragoza
|
0-0: Foul Ball, location: 2F 0-1: Ball 1-1: Foul Ball, location: 2F 1-2: Strikes out swinging
|
Batting: SHB Juan Castro
|
0-0: Foul Ball, location: 2F 0-1: Foul Ball, location: 2F 0-2: Foul Ball, location: 2F 0-2: Foul Ball, location: 2F 0-2: Foul Ball, location: 2F 0-2: Hit by Pitch Kenneth Roberts to second
|
Batting: LHB Luis Padilla
|
0-0: Foul Ball, location: 2F 0-1: Ground out 4-3 (Groundball, 34)
|
Top of the 8th over - 0 run(s), 1 hit(s), 0 error(s), 2 left on base; Austin 2 - Toronto 1 |
BOTTOM OF THE 8TH |
Toronto Titans batting - Pitching for Austin River Sharks : RHP José Martínez
|
Pitching: RHP Daniel Morris
|
|
Batting: LHB Pedro Padilla
|
0-0: Called Strike 0-1: Ball 1-1: Foul Ball, location: 2F 1-2: Fly out, F6 (Line Drive, 6)
|
Batting: RHB Manuel González
|
0-0: Ball 1-0: Foul Ball, location: 2F 1-1: SINGLE (Groundball, 6MD)
|
Batting: LHB Kent MacDulothe
|
0-0: Ball 1-0: Swinging Strike 1-1: Ground out 5-3 (Groundball, 56) Manuel González to second
|
Batting: SHB Ryobe Yamamoto
|
0-0: Ball 1-0: Ball 2-0: Called Strike 2-1: Ball 3-1: Called Strike 3-2: DOUBLE (Flyball, 78XD) Manuel González scores
|
Batting: RHB Gilberto López
|
0-0: Ball 1-0: Ball 2-0: Ground out 6-3 (Groundball, 6M)
|
Bottom of the 8th over - 1 run(s), 2 hit(s), 0 error(s), 1 left on base; Austin 2 - Toronto 2 |
TOP OF THE 9TH |
Austin River Sharks batting - Pitching for Toronto Titans : RHP David Lester
|
Pitching: LHP Santiago González
|
|
Batting: RHB Rich Ruffin
|
0-0: Ground out U3 (Groundball, 3)
|
Pinch Hitting: RHB Reginaldo Jaconelli
|
0-0: Foul Ball, location: 2F 0-1: Swinging Strike 0-2: Foul Ball, location: 2F 0-2: Ball 1-2: Strikes out looking
|
Pinch Hitting: RHB José Balina
|
0-0: Ground out 6-3 (Groundball, 6)
|
Top of the 9th over - 0 run(s), 0 hit(s), 0 error(s), 0 left on base; Austin 2 - Toronto 2 |
BOTTOM OF THE 9TH |
Toronto Titans batting - Pitching for Austin River Sharks : RHP Daniel Morris
|
Now at SS: Juan Acevado
|
|
Now in CF: José Balina
|
|
Batting: LHB Jorge Martínez
|
0-0: Called Strike 0-1: Foul Ball, location: 2F 0-2: Foul Ball, location: 2F 0-2: Foul Ball, location: 2F 0-2: Ball 1-2: Ball 2-2: Foul Ball, location: 2F 2-2: Foul Ball, location: 2F 2-2: Ball 3-2: Foul Ball, location: 2F 3-2: Foul Ball, location: 2F 3-2: SINGLE (Groundball, 3D)
|
Pitching: RHP Armen Boyajian
|
|
Batting: LHB José Rodríguez
|
0-0: Ball 1-0: Called Strike 1-1: Swinging Strike 1-2: Strikes out looking
|
Batting: LHB Anacleto Morillo
|
0-0: Called Strike 0-1: Called Strike 0-2: Ball 1-2: Strikes out swinging
|
Batting: RHB Matt Doyle
|
0-0: Called Strike 0-1: Ball 1-1: Foul Ball, location: 2F 1-2: Ball Wild Pitch! Jorge Martínez to second 2-2: Ground out U3 (Groundball, 3)
|
Bottom of the 9th over - 0 run(s), 1 hit(s), 0 error(s), 1 left on base; Austin 2 - Toronto 2 |
TOP OF THE 10TH |
Austin River Sharks batting - Pitching for Toronto Titans : LHP Santiago González
|
Batting: RHB Hidetada Kichida
|
0-0: Ball 1-0: Ball 2-0: Ground out 4-3 (Groundball, 4)
|
Batting: RHB Kenneth Roberts
|
0-0: Ball 1-0: Ground out 4-3 (Groundball, 4)
|
Batting: LHB Roberto García
|
0-0: Ball 1-0: Called Strike 1-1: Called Strike 1-2: Ball 2-2: Strikes out looking
|
Top of the 10th over - 0 run(s), 0 hit(s), 0 error(s), 0 left on base; Austin 2 - Toronto 2 |
BOTTOM OF THE 10TH |
Toronto Titans batting - Pitching for Austin River Sharks : RHP Armen Boyajian
|
Batting: LHB Pedro Padilla
|
0-0: Called Strike 0-1: SOLO HOME RUN (Flyball, 9LD), Distance : 327 ft
|
|